 Dungeon Sprint DCSS version 0.30-a0-509-gd016549fea (webtiles) character file.

Game seed: 11840335421234075499

21 rocky1 the Slasher (level 2, 0/22 HPs)
             Began as a Merfolk Gladiator on Dec 23, 2022.
             Slain by a wolf (4 damage)
             ... in the Dungeon (Sprint III: "The Ten Rune Challenge").
             The game lasted 00:00:29 (112 turns).

rocky1 the Slasher (Merfolk Gladiator)               Turns: 112, Time: 00:00:30

Health: 0/22       AC:  4    Str: 14    XL:     2   Next: 87%
Magic:  2/2        EV: 16    Int:  7    God:
Gold:   0          SH:  0    Dex: 15    Spells: 1/1 levels left

rFire   . . .      SeeInvis .    a - +0 long sword
rCold   . . .      Faith    .    (no shield)
rNeg    . . .      Spirit   .    b - +0 leather armour
rPois   .          Reflect  .    c - +0 helmet
rElec   .          Harm     .    (no cloak)
rCorr   .          Rampage  .    (no gloves)
Will    .....      NoTele   +    (boots currently unavailable)
Stlth   ++........               (no amulet)
HPRegen 0.23/turn                (no ring)
MPRegen 0.08/turn                (no ring)

@: very quick
A: nimble swimmer 2, mertail
a: no special abilities


You were in the Dungeon.
You visited 1 branch

Inventory:

Hand Weapons
 a - a +0 long sword (weapon)
Missiles
 d - 3 throwing nets (quivered)
 e - a javelin
Armour
 b - a +0 leather armour (worn)
 c - a +0 helmet (worn)
Scrolls
 k - a scroll of blinking
 l - 3 scrolls of vulnerability {unknown}
Potions
 f - a potion of curing
 g - a potion of heal wounds
 h - a potion of haste
 i - 2 potions of magic
 j - a potion of berserk rage


   Skills:
 - Level 2.1 Fighting
 + Level 7.5 Long Blades
 - Level 2.0 Throwing
 - Level 4.0 Dodging


You had one spell level left.
You didn't know any spells.
Your spell library was empty.

Dungeon Overview and Level Annotations

Branches:
Dungeon (1/1)

Altars:


Innate Abilities, Weirdness & Mutations

You are very nimble when in or above water. (Stealth+, EV+, Speed+++)
Your lower body shifts to a powerful aquatic tail in water.


Message History

You barely miss the human. You tail-slap the human.
You kill the human!
Your Long Blades skill gained 2 levels and is now at level 7!
You have reached level 2!
You start resting.
HP restored.
A wolf comes into view.
The wolf howls!
The wolf bites you but does no damage.
You hit the wolf but do no damage. The wolf barely misses you. x2
Your legs become a tail as you enter the water.
The wolf bites you!
You hit the wolf but do no damage. The wolf closely misses you.
You completely miss the wolf. The wolf barely misses you.
The wolf splashes around in the water.
You miss the wolf.
The wolf splashes around in the water.
You miss the wolf.
You tail-slap the wolf, but do no damage.
The wolf splashes around in the water.
The wolf closely misses you.
You hit the wolf but do no damage.
The wolf splashes around in the water.
The wolf bites you but does no damage.
You closely miss the wolf. The wolf closely misses you.
You miss the wolf.
Your tail-slap misses the wolf.
The wolf splashes around in the water.
The wolf bites you!
You barely miss the wolf. You tail-slap the wolf.
The wolf is lightly wounded.
The wolf splashes around in the water.
The wolf barely misses you.
You closely miss the wolf.
The wolf is lightly wounded.
The wolf bites you.
* * * LOW HITPOINT WARNING * * *
The wolf bites you.
* * * LOW HITPOINT WARNING * * *
You slash the wolf!
Your tail-slap misses the wolf.
The wolf is almost dead.
The wolf closely misses you.
You closely miss the wolf.
Your tail-slap misses the wolf.
The wolf is almost dead.
The wolf bites you.
You die...

▓▓▓▓ ▓▓▓▓▓▓ ▓<.#
+....♣♣♣ ▓..#
#....♣.♣
▓#'####......♣
▓.†...#....h♣♣♣
▓.....#...~@♣.♣ .
▓.....#..~~~~.♣♣..
▓####'#..~≈≈~~~.♣.
▓).†.†#.~~≈~~~....#
▓.....#.~≈~~~.....#
▓.....#.~~~.......#
▓'#####...†.......#
▓.................#
▓▓▓▓▓▓▓▓▓▓▓▓▓▓▓▓▓▓


You could see a wolf.

Vanquished Creatures
  A human (D)
  An endoplasm (D)
  3 rats (D)
5 creatures vanquished.

Notes
Turn   | Place    | Note
-------+----------+-------------------------------------------
     0 | D        | rocky1 the Merfolk Gladiator began the quest for the Orb.
     0 | D        | Reached XP level 1. HP: 16/16 MP: 1/1
     6 | D        | Reached skill level 4 in Long Blades
    15 | D        | Reached skill level 5 in Long Blades
    46 | D        | Reached skill level 7 in Long Blades
    46 | D        | Reached XP level 2. HP: 11/22 MP: 2/2
   112 | D        | Slain by a wolf

Illustrated notes

Levels and vault maps discovered:
D:        dungeon_sprint_mu [sprint_mu_entry_forest, sprint_mu_temple_rooms,
          sprint_mu_d1_spiders, sprint_mu_d2_genie, sprint_mu_d3_branching,
          sprint_mu_orc_legion, sprint_mu_elf_gauntlet, sprint_mu_hive_nellie,
          sprint_mu_lair_fedhas, sprint_mu_vaults_butterflies,
          sprint_mu_slime_circle, sprint_mu_shoals_archi,
          sprint_mu_snake_twists, sprint_mu_blade_basic,
          sprint_mu_crypt_fortress, sprint_mu_tomb_spiral,
          sprint_mu_vestibule_basic, sprint_mu_gehenna_hellfire,
          sprint_mu_dis_giant, sprint_mu_tartarus_statrot,
          sprint_mu_cocytus_islands, sprint_mu_zot1]

Skill      XL: |  1 |
---------------+----+-----
Long Blades    | 7 |  7.5
Fighting       | |  2.1
Throwing       | |  2.0
Dodging        | |  4.0

Action                   || total
-------------------------++-------
Melee: Long sword        ||    30
       Tailslap          ||     5
 Stab: Sleeping          ||     1
Armor: Leather armour    ||     6
Dodge: Dodged            ||    19

Table legend: (Time is in decaauts)
 A = Elapsed time spent in this place.
 B = Non-inter-level travel time spent in this place.
 C = Inter-level travel time spent in this place.
 D = Time resting spent in this place.
 E = Time spent auto-exploring this place.
 F = Levels seen in this place.
 G = Mean time per level.
                   A        B        C        D        E       F      G
               +--------+--------+--------+--------+--------+-----+--------+
         Total |    110 |    110 |      0 |     44 |     14 |   1 |  110.0 |
       Dungeon |    110 |    110 |      0 |     44 |     14 |   1 |  110.0 |
               +--------+--------+--------+--------+--------+-----+--------+

Top non-repeatable levels by time:
       D: 110 daAuts
